 Dungeon Crawl Stone Soup version 0.30.1-9-gdf580d7c3d (webtiles) character file.

Game seed: 10127767389390240531

57082 monsoonserge the Tortoise (level 15, -8/134 HPs)
             Began as a Meteoran Monk on Oct 17, 2023.
             Was a High Priest of Okawaru.
             Killed by the raging water
             ... invoked by a water nymph
              (22 damage)
             ... on level 1 of the Shoals.
             The game lasted 01:00:38 (7426 turns).

monsoonserge the Tortoise (Meteoran Monk)           Turns: 7426, Time: 01:00:39

Health: -8/134     AC: 29    Str: 19    XL:     15   Next: 68%
Magic:  24/24      EV: 15    Int: 12    God:    Okawaru [*****.]
Gold:   2144       SH: 18    Dex: 23    Spells: 14/14 levels left

rFire   + . .        R - +9 flail of Icla {heavy, Fragile Str+3 Stlth+}
rCold   . . .        t - +0 kite shield
rNeg    + + +        B - +7 chain mail "Osenkij" {rN+++ Int-5 Stlth-}
rPois   +            W - +0 helmet {Int+3}
rElec   .            k - +0 cloak
rCorr   .            d - +1 pair of gloves {Dex+3}
SInv    .            H - +0 pair of boots
Will    +....        f - amulet of reflection Stlth
                     w - ring of protection from fire
HPRegen 0.42/turn    b - ring of poison resistance
MPRegen 0.19/turn

%: reflection
@: glowing, studying Armour, very slow
A: sense surroundings 2, otherworldly, glowing, explore regen
a: Renounce Religion, Heroism, Finesse, Duel


You were on level 1 of the Shoals.
You worshipped Okawaru.
Okawaru was extremely pleased with you.
You visited 4 branches of the dungeon, and saw 15 of its levels.
You also visited: Sewer and Gauntlet.

You collected 2174 gold pieces.
You spent 30 gold pieces at shops.

Inventory:

Hand Weapons
 R - the +9 flail of Icla (weapon) {heavy, Fragile Str+3 Stlth+}
   (You found it on level 6 of the Dungeon)

   Str:       It affects your strength (+3).
   Fragile:   It will be destroyed if unequipped.
   Stlth:     It makes you more stealthy.
Missiles
 i - 2 throwing nets
 j - 9 poisoned darts (quivered)
 o - 24 javelins
 p - 16 boomerangs
 K - 6 silver javelins
 P - 5 atropa-tipped darts
Armour
 d - a +1 pair of gloves of dexterity (worn)
 e - a +2 pair of gloves
 k - a +0 cloak (worn)
 t - a +0 kite shield (worn)
 B - the +7 chain mail "Osenkij" (worn) {rN+++ Int-5 Stlth-}
   (Okawaru gifted it to you on level 2 of the Lair of Beasts)

   Int:       It affects your intelligence (-5).
   rN:        It renders you almost immune to negative energy.
   Stlth:     It makes you less stealthy.
 H - a +0 pair of boots (worn)
 S - the +7 Kryia's mail coat {PotionHeal*2 rC+}
   (You found it in a sewer)

   PotionHeal*2: Potions heal its wearer twice as much.
   rC:        It protects you from cold.
 W - a +0 helmet of intelligence (worn)
Jewellery
 b - a ring of poison resistance (right hand)
 f - an amulet of reflection (around neck)
 w - a ring of protection from fire (left hand)
Wands
 h - a wand of polymorph (8)
 y - a wand of flame (22)
 C - a wand of roots (9)
 G - a wand of digging (3)
 X - a wand of quicksilver (5)
Scrolls
 c - a scroll of immolation {unknown}
 l - a scroll of fear
 q - 4 scrolls of fog
 r - 5 scrolls of blinking {unknown}
 x - a scroll of teleportation
 A - 2 scrolls of butterflies {unknown}
 F - 3 scrolls of enchant armour
 J - 5 scrolls of amnesia
 L - a scroll of enchant weapon {unknown}
 M - 2 scrolls of poison {unknown}
 Q - 3 scrolls of magic mapping
 T - 2 scrolls of noise {unknown}
Potions
 g - 5 potions of lignification
 m - 4 potions of haste
 u - a potion of degeneration {unknown}
 v - 7 potions of curing
 z - 4 potions of heal wounds
 D - a potion of berserk rage {unknown}
 E - 5 potions of might
 I - a potion of resistance {unknown}
 N - 7 potions of flight {unknown}
 O - a potion of attraction {unknown}
 U - 2 potions of magic {unknown}
 V - 2 potions of cancellation
 Y - a potion of mutation {unknown}
Miscellaneous
 n - a condenser vane
 Z - a phial of floods


   Skills:
 + Level 12.8 Fighting
 - Level 5.9(6.3) Short Blades
 - Level 3.6(5.5) Long Blades
 - Level 14.0 Maces & Flails
 + Level 5.4 Throwing
 * Level 16.6 Armour
 + Level 11.1 Dodging
 + Level 2.5 Stealth
 + Level 10.3 Shields
 + Level 11.1 Invocations
 * Level 2.9 Evocations


You had 14 spell levels left.
You didn't know any spells.
Your spell library contained the following spells:

 Spells                   Type           Power      Damage    Failure   Level
 Shock                    Conj/Air       0%         1d3       95%         1
 Ensorcelled Hibernation  Hex/Ice        0%         N/A       99%         2
 Passwall                 Tmut/Erth      0%         N/A       99%         2
 Swiftness                Air            0%         N/A       100%        3
 Airstrike                Air            0%         2d(0-16)  100%        4
 Anguish                  Hex/Necr       0%         N/A       100%        4
 Cause Fear               Hex            0%         N/A       100%        4
 Blade Hands              Tmut           0%         N/A       100%        5
 Iron Shot                Conj/Erth      0%         9d1       100%        6
 Enfeeble                 Hex            0%         N/A       100%        7
 Animate Armour           Summ/Erth      Unusable   N/A       N/A         4

Dungeon Overview and Level Annotations

Branches:
Dungeon (8/15) Zot: 1271   Temple (1/1) D:7 Zot: 595    Lair (5/5) D:8 Zot: 170
 Shoals (1/4) Lair:3 Zot: 428   Snake (0/4) Lair:2        Slime (0/5) Lair:4
  Sewer (visited)         Gauntlet (visited)

Altars:
Cheibriados
Okawaru
Ru
Vehumet
Wu Jian
Jiyva

Shops:
D:1 ?


Innate Abilities, Weirdness & Mutations

You passively map the area around you.
You are easily found by Zot.
You glow in the dark.
You regain HP and MP as you explore.


Message History

You fall into the shallow water.
Moving in this stuff is going to be slow.
The water nymph gestures at you while chanting.
The water swirls and strikes you.
You barely miss the water nymph. The water nymph touches you.
The water nymph drowns you!
Your unstable footing causes you to fumble your attack.
The water nymph touches you. The water nymph drowns you!
Your unstable footing causes you to fumble your attack.
The water nymph closely misses you.
Your unstable footing causes you to fumble your attack.
The water nymph touches you. The water nymph drowns you!
You block the water nymph's attack.
Your unstable footing causes you to fumble your attack.
The water nymph touches you. The water nymph drowns you!
* * * LOW HITPOINT WARNING * * *
You bludgeon the water nymph!!
The water nymph is heavily wounded.
The water nymph casts a spell at you. The water swirls and strikes you!
* * * LOW HITPOINT WARNING * * *
You bludgeon the water nymph!!
The water nymph is almost dead.
You block the water nymph's attack.
Your unstable footing causes you to fumble your attack.
You block the water nymph's attack.
You closely miss the water nymph.
The water nymph is almost dead.
The water nymph casts a spell at you. The water swirls and strikes you.
Your unstable footing causes you to fumble your attack.
The water nymph points at you and mumbles some strange words.
The water swirls and strikes you.
The water nymph points at you and mumbles some strange words.
The water swirls and strikes you!
* * * LOW HITPOINT WARNING * * *
Your unstable footing causes you to fumble your attack.
The water nymph points at you and mumbles some strange words.
The water swirls and strikes you!!
You die...

≈≈≈≈≈~~~~~~~~~~...##~~~ ~
≈≈≈~~~~~~~~~~~......~~~~~
~ ≈≈~~~~~~~.....~?~~~~~~~~
~~~~~~~~~........~..~~~~~~
~
~~~~~~~.............~~≈≈~
~~
~~~~~~...!.......~~.~~~≈ ~
~~~~~~...............~~~
.~~≈≈≈≈≈≈≈≈...~~~.....~~
..≈≈≈#####≈≈..~m@.~...~~~
~ ..≈≈##≈≈≈##≈..~~~.......
, ,
..))#~≈≈≈≈#≈............,
** ~
..))))≈≈≈≈#≈............
...)#[≈≈≈≈#≈.........~.. ~
..≈≈##≈≈≈##≈...~.....~.. ~
~ ..≈≈≈#####≈≈!~~~~...~~~~
~ ~
..#≈≈≈≈≈≈≈≈..~~~~~~~...~~
~ ..)(#.....~~~~~~~~~~...
~ ,


You could see a water nymph.

Vanquished Creatures
  A minotaur (Gauntlet)
  3 merfolk impalers (Shoals:1)
  2 merfolk javelineers (Shoals:1)
  2 hydras (Lair:5)
  3 catoblepae (Lair:5)
  2 tengu warriors (Gauntlet)
  15 death yaks (Lair:5)
  3 skysharks
  Urug (Lair:2)
  Amaemon (D:8)
  2 manticores
  2 fauns (Shoals:1)
  2 merfolk sirens (Shoals:1)
  6 black mambas
  18 elephants
  7 cane toads
  A torpor snail (Arena)
  A minotaur zombie (Gauntlet)
  An orange demon (D:8)
  3 tengu conjurers (Gauntlet)
  5 komodo dragons
  A rime drake (Lair:5)
  2 merfolk (Shoals:1)
  2 polar bears
  19 blink frogs
  The ghost of grtsk the Nimble, a novice FeCj of Vehumet (D:8)
  7 dream sheep
  5 slime creatures
  A wraith (D:8)
  8 wyverns
  A ynoxinul (Gauntlet)
  4 basilisks
  44 yaks
  2 steam dragons
  Edmund (D:6)
  24 water moccasins
  3 black bears
  4 sky beasts
  13 wolves
  4 centaurs (Lair:4)
  A phantom (D:5)
  8 bullfrogs
  3 scorpions
  A gnoll sergeant (D:8)
  15 wights
  A howler monkey (D:5)
  9 jellies
  A hound (D:6)
  An orc priest (D:5)
  2 iron imps (Gauntlet)
  An iguana (D:5)
  Terence (D:3)
  4 orc wizards (D:5)
  4 gnolls (D:8)
  10 adders
  5 river rats (D:8)
  A white imp (D:8)
  2 ufetubi (D:5)
  A worm (D:5)
  2 dart slugs
  14 orcs
  20 endoplasms
  8 giant cockroaches
  10 goblins
  6 hobgoblins
  4 jackals (D:4)
  3 quokkas
  8 ball pythons
  8 bats
  4 frilled lizards
  7 kobolds
  26 rats
418 creatures vanquished.

Vanquished Creatures (others)
  A merfolk impaler (Shoals:1)
1 creature vanquished.

Grand Total: 419 creatures vanquished

Notes
Turn   | Place    | Note
-------+----------+-------------------------------------------
     0 | D:1      | monsoonserge the Meteoran Monk began the quest for the Orb.
     0 | D:1      | Reached XP level 1. HP: 19/19 MP: 2/2
    23 | D:1      | Found Onats's Magic Scroll Emporium.
    94 | D:1      | Reached XP level 2. HP: 26/26 MP: 3/3
   353 | D:1      | Reached XP level 3. HP: 33/33 MP: 4/4
   482 | D:2      | Reached skill level 1 in Short Blades
   557 | D:2      | Reached XP level 4. HP: 39/40 MP: 5/5
   891 | D:1      | Bought a scroll of teleportation for 30 gold pieces
   946 | D:3      | Reached XP level 5. HP: 44/46 MP: 6/6
  1008 | D:3      | Found an iron altar of Okawaru.
  1011 | D:3      | Found a snail-covered altar of Cheibriados.
  1014 | D:3      | Found a sacrificial altar of Ru.
  1020 | D:3      | Became a worshipper of Warmaster Okawaru
  1020 | D:3      | Reached * piety under Okawaru
  1020 | D:3      | Reached ** piety under Okawaru
  1116 | D:3      | Found a faded altar of an unknown god.
  1141 | D:3      | Noticed Terence
  1184 | D:3      | Killed Terence
  1199 | D:3      | Reached skill level 1 in Invocations
  1629 | D:5      | Entered Level 5 of the Dungeon
  1651 | D:5      | Reached XP level 6. HP: 39/53 MP: 6/8
  1698 | D:5      | Reached skill level 1 in Armour
  1715 | D:5      | Reached skill level 1 in Stealth
  1853 | D:5      | Reached XP level 7. HP: 44/60 MP: 9/9
  1887 | D:5      | Reached skill level 5 in Dodging
  2155 | D:5      | Reached skill level 5 in Fighting
  2167 | D:5      | Reached skill level 5 in Short Blades
  2167 | D:5      | Reached XP level 8. HP: 36/68 MP: 11/11
  2170 | D:5      | Found a radiant altar of Vehumet.
  2252 | D:5      | Reached skill level 1 in Throwing
  2317 | D:6      | Reached *** piety under Okawaru
  2366 | D:6      | Received a gift from Okawaru
  2491 | D:6      | Identified the +9 flail of Icla {heavy, Fragile Str+3
                  | Stlth+}
  2534 | D:6      | Found a glowing drain.
  2543 | Sewer    | Entered a sewer
  2597 | Sewer    | Reached skill level 1 in Maces & Flails
  2636 | Sewer    | Found the +7 Kryia's mail coat {PotionHeal*2 rC+}
  2663 | Sewer    | Found a shimmering altar of Xom.
  2709 | Sewer    | HP: 3/70 [rat (2)]
  2930 | D:6      | Noticed a steam dragon
  2937 | D:6      | Killed a steam dragon
  2938 | D:6      | Gained mutation: You passively map the area around you.
                  | [Meteoran growth]
  2938 | D:6      | Reached XP level 9. HP: 73/75 MP: 12/12
  3003 | D:6      | Noticed Edmund
  3007 | D:6      | Killed Edmund
  3008 | D:6      | Reached skill level 2 in Armour
  3063 | D:7      | Reached skill level 5 in Maces & Flails
  3118 | D:7      | Reached skill level 3 in Armour
  3255 | D:7      | Found a staircase to the Ecumenical Temple.
  3264 | Temple   | Entered the Ecumenical Temple
  3322 | D:7      | Found an ornate altar of the Wu Jian Council.
  3399 | D:7      | Reached **** piety under Okawaru
  3458 | D:8      | Reached skill level 4 in Armour
  3458 | D:8      | Reached XP level 10. HP: 64/84 MP: 13/13
  3484 | D:8      | Noticed Amaemon
  3484 | D:8      | Noticed an orange demon
  3492 | D:8      | Killed an orange demon
  3492 | D:8      | Received a gift from Okawaru
  3499 | D:8      | Killed Amaemon
  3500 | D:8      | Reached skill level 10 in Maces & Flails
  3642 | D:8      | Reached ***** piety under Okawaru
  3650 | D:8      | Received a gift from Okawaru
  3658 | D:8      | Reached skill level 5 in Armour
  3658 | D:8      | Reached XP level 11. HP: 45/92 MP: 12/15
  3661 | D:8      | Reached skill level 5 in Invocations
  3675 | D:8      | Found a staircase to the Lair.
  3777 | D:8      | Found a large runed translucent door.
  3781 | D:8      | Found a large runed translucent door.
  3796 | D:8      | Noticed grtsk's ghost (novice FeCj)
  3801 | D:8      | Killed grtsk's ghost
  3905 | Lair:1   | Entered Level 1 of the Lair of Beasts
  3990 | Lair:1   | Noticed a black mamba
  3996 | Lair:1   | Killed a black mamba
  3996 | Lair:1   | Received a gift from Okawaru
  3997 | Lair:1   | Reached skill level 6 in Armour
  4150 | Lair:1   | Received a gift from Okawaru
  4223 | Lair:1   | Reached skill level 7 in Armour
  4351 | Lair:1   | Reached XP level 12. HP: 103/103 MP: 17/17
  4393 | Lair:1   | Glimpsed the power of Zot.
  4430 | Lair:2   | Reached skill level 1 in Shields
  4440 | Lair:2   | Reached ****** piety under Okawaru
  4473 | Lair:2   | Identified the +7 chain mail "Osenkij" {rN+++ Int-5 Stlth-}
                  | (Okawaru gifted it to you on level 2 of the Lair of Beasts)
  4473 | Lair:2   | Received a gift from Okawaru
  4588 | Lair:1   | Reached skill level 8 in Armour
  4669 | Lair:2   | Noticed Urug
  4677 | Lair:2   | Killed Urug
  4710 | Lair:2   | Noticed a skyshark
  4734 | Lair:2   | Killed a skyshark
  4763 | Lair:2   | Found a staircase to the Snake Pit.
  4770 | Lair:2   | Reached XP level 13. HP: 91/113 MP: 20/20
  4806 | Lair:2   | Reached skill level 10 in Fighting
  4989 | Lair:2   | Glimpsed the power of Zot.
  5012 | Lair:2   | Reached skill level 9 in Armour
  5035 | Lair:2   | Received a gift from Okawaru
  5061 | Lair:3   | Found a staircase to the Shoals.
  5062 | Lair:3   | You fall into a shaft and drop 2 floors!
  5062 | Lair:5   | Entered Level 5 of the Lair of Beasts
  5062 | Lair:5   | Noticed a death yak
  5066 | Lair:5   | Noticed a death yak
  5070 | Lair:5   | Noticed a death yak
  5096 | Lair:5   | Killed a death yak
  5108 | Lair:5   | Killed a death yak
  5124 | Lair:5   | Killed a death yak
  5125 | Lair:5   | Reached skill level 5 in Shields
  5151 | Lair:5   | Noticed a boulder beetle
  5168 | Lair:4   | Received a gift from Okawaru
  5292 | Lair:4   | Found a gate leading to a gauntlet.
  5304 | Gauntlet | Entered a Gauntlet
  5304 | Gauntlet | Noticed an entropy weaver
  5304 | Gauntlet | Found a transporter.
  5304 | Gauntlet | Found a transporter.
  5304 | Gauntlet | Found a transporter.
  5319 | Gauntlet | Noticed a tengu warrior
  5325 | Gauntlet | Found a transporter.
  5335 | Gauntlet | Found a transporter.
  5348 | Gauntlet | Found a transporter.
  5371 | Gauntlet | Found a transporter.
  5409 | Gauntlet | Found a transporter.
  5419 | Gauntlet | Noticed a quicksilver ooze
  5425 | Gauntlet | Found a transporter.
  5439 | Gauntlet | Noticed a tengu warrior
  5440 | Gauntlet | Found a transporter.
  5447 | Gauntlet | Found a transporter.
  5457 | Gauntlet | Found a transporter.
  5532 | Gauntlet | Killed a tengu warrior
  5533 | Gauntlet | Reached skill level 10 in Invocations
  5537 | Gauntlet | Reached skill level 10 in Armour
  5548 | Gauntlet | Identified the ring of Seisemucw {Fire Will+ Str-5 Int+2}
  5627 | Gauntlet | Killed a tengu warrior
  5658 | Gauntlet | Identified the +0 plate armour of the Spider Nest {rElec
                  | Dex+2}
  5658 | Gauntlet | Noticed a minotaur
  5674 | Gauntlet | Killed a minotaur
  5703 | Gauntlet | Identified the staff of conjuration "Kuptischu" {Fly
                  | Will++}
  5703 | Gauntlet | Identified the staff of air "Aruid" {rElec rF++}
  5716 | Gauntlet | Identified 2 scrolls of acquirement
  5717 | Gauntlet | Acquired 836 gold pieces
  5719 | Gauntlet | Acquired a manual of Armour
  5807 | Gauntlet | Glimpsed the power of Zot.
  5878 | Lair:4   | Received a gift from Okawaru
  5882 | Lair:4   | Reached XP level 14. HP: 70/124 MP: 15/22
  5974 | Lair:4   | Reached skill level 11 in Armour
  6124 | Lair:4   | Found a staircase to the Slime Pits.
  6124 | Lair:4   | Found a viscous altar of Jiyva.
  6383 | Lair:5   | Reached skill level 12 in Armour
  6395 | Lair:5   | Reached skill level 10 in Dodging
  6403 | Arena    | Entered the Arena
  6483 | Lair:5   | Reached skill level 13 in Armour
  6520 | Lair:5   | Identified the +3 scale mail of Qiateon {Rampage rElec
                  | rN+++ Will-} (Okawaru gifted it to you on level 5 of the
                  | Lair of Beasts)
  6520 | Lair:5   | Received a gift from Okawaru
  6536 | Lair:5   | Reached skill level 5 in Throwing
  6581 | Lair:5   | Reached skill level 14 in Armour
  6774 | Lair:5   | Identified the +0 chain mail "Matzi" {Str+2}
  6806 | Lair:5   | Reached skill level 15 in Armour
  6807 | Lair:5   | Reached XP level 15. HP: 98/133 MP: 24/24
  7010 | Lair:5   | Reached skill level 16 in Armour
  7018 | Lair:5   | Received a gift from Okawaru
  7218 | Lair:3   | Reached skill level 1 in Evocations
  7260 | Shoals:1 | Entered Level 1 of the Shoals
  7299 | Shoals:1 | Received a gift from Okawaru
  7349 | Shoals:1 | Reached skill level 10 in Shields
  7349 | Shoals:1 | HP: 1/134 [merfolk javelineer/silver javelin (6)]
  7426 | Shoals:1 | Killed from afar by a water nymph

Illustrated notes

Levels and vault maps discovered:
D:1:      dreamdust_arrival_sigmund_warning, layout_basic, serial_shops,
          nicolae_shop_behind_doors
D:2:      layout_rooms, serial_forest, infiniplex_forest_diagonal,
          infiniplex_forest_end_2, infiniplex_forest_lined_corner,
          infiniplex_forest_clump_small, infiniplex_forest_clump_small,
          infiniplex_forest_clump_medium, infiniplex_forest_diagonal,
          infiniplex_forest_lined_3
D:3:      layout_basic, grunt_temple_overflow_diamond,
          ebering_ecumenical_altar_abandoned, uniq_terence
D:4:      layout_loops_cross, chequers_temple_overflow_statue_of_worship,
          minmay_cut_off, uniq_pikel
D:5:      layout_loops_corners, mainiacjoe_overflow_catwalk,
          minmay_splitting_lines
D:6:      layout_loops_cross, portal_sewer_entry_d, serial_glass,
          glass_columns_a, glass_columns_a, uniq_edmund
D:7:      layout_gridville, pdpol_wu_jian_five_deadly_venoms,
          minmay_temple_entry_drinking_statues
D:8:      layout_rooms, minmay_lair_entry_grove, ebering_ghost_disaster_area,
          dk_rats_in_the_wall, uniq_amaemon
Temple:   eino_temple_water
Lair:1:   layout_layer_cave, st_stairs_13
Lair:2:   layout_gridlike, minmay_snake_entry_six_corridors,
          hibernation_bobbens, lemuel_fruit_fields, uniq_urug
Lair:3:   layout_misc_corridors, minmay_shoals_entry_centaurs
Lair:4:   layout_regular_city, minmay_slime_entry_pillars,
          gauntlet_entry_generic, eino_small_chamber_without_monster
Lair:5:   evilmike_catoblepas_cave, layout_regular_city,
          chequers_serial_rivers_small_b, serial_bayou_shore_b
Shoals:1: layout_shoals, serial_shops, bzr_entry_water, nicolae_shoals_mertower,
          uniq_donald

Skill      XL: |  1  2  3  4  5  6  7  8  9 10 11 12 13 14 15 |
---------------+----------------------------------------------+-----
Dodging        | 4 5 6 7 8 9 10 11 | 11.1
Short Blades   | 1 2 3 5 |  5.9
Fighting       | 4 5 6 7 8 9 11 12 | 12.8
Invocations    | 1 2 3 4 6 8 10 11 | 11.1
Armour         | 1 4 5 7 8 10 15 16 | 16.6
Stealth        | 1 2 |  2.5
Throwing       | 2 3 4 5 |  5.4
Maces & Flails | 3 8 11 13 14 | 14.0
Shields        | 3 6 8 10 | 10.3
Evocations     | 2 |  2.9
Long Blades    | |  3.6

Action                     |  1- 3 |  4- 6 |  7- 9 | 10-12 | 13-15 || total
---------------------------+-------+-------+-------+-------+-------++-------
  Melee: Dagger            |    93 |   161 |       |       |       ||   254
         Falchion          |     2 |       |       |       |       ||     2
         Short sword       |       |    89 |   111 |       |       ||   200
         Flail             |       |       |    95 |   300 |   643 ||  1038
  Throw: Dart              |     1 |       |     3 |     4 |    12 ||    20
         Boomerang         |       |       |    24 |     3 |     5 ||    32
 Invoke: Heroism           |       |     2 |       |     3 |     9 ||    14
         Finesse           |       |       |       |     1 |     6 ||     7
         Duel              |       |       |       |       |     1 ||     1
    Use: Scroll            |       |       |     7 |       |    11 ||    18
         Potion            |       |       |     1 |     1 |     7 ||     9
   Stab: Sleeping          |     1 |     1 |     2 |       |       ||     4
         Distracted        |       |       |       |       |     1 ||     1
         Petrifying        |       |       |       |       |     1 ||     1
 Armour: Robe              |    22 |    21 |    28 |       |       ||    71
         Ring mail         |       |    31 |       |       |       ||    31
         Leather armour    |       |    13 |       |       |       ||    13
         Scale mail        |       |       |    42 |   181 |    61 ||   284
         Chain mail        |       |       |       |       |   580 ||   580
  Dodge: Dodged            |    37 |   110 |   136 |   188 |   528 ||   999
  Block: Buckler           |       |       |       |    56 |   268 ||   324
         Kite shield       |       |       |       |       |   123 ||   123
         Reflection        |       |       |       |       |     5 ||     5
